 Dungeon Crawl Stone Soup version 0.28-a0-899-gf2b78a14d2 (webtiles) character file.

Game seed: 10736702733721688374

128 AvatarAndi78 the Chopper (level 4, -1/41 HPs)
             Began as a Minotaur Berserker on Nov 23, 2021.
             Was a Believer of Trog.
             Engulfed by a cloud of flame (21 damage)
             ... on level 3 of the Dungeon.
             The game lasted 00:04:02 (2967 turns).

AvatarAndi78 the Chopper (Minotaur Berserker)       Turns: 2967, Time: 00:04:02

Health: -1/41      AC:  8    Str: 21    XL:     4   Next: 87%
Magic:  3/3        EV: 27    Int:  4    God:    Trog [**....]
Gold:   109        SH:  3    Dex: 11    Spells: 3/3 levels left

rFire   . . .      SeeInvis .   g - +1 hand axe (freeze)
rCold   + . .      Faith    .   n - +0 buckler
rNeg    . . .      Spirit   .   h - +0 chain mail
rPois   .          Reflect  .   (helmet restricted)
rElec   .          Harm     .   (no cloak)
rCorr   .          Rampage  .   (no gloves)
Will    .....                   (no boots)
Stlth   ..........              p - amulet of the acrobat
HPRegen 0.13/turn               b - ring of protection from cold
MPRegen 0.08/turn               i - +4 ring of evasion

@: acrobatic
A: horns 2, retaliatory headbutt
a: Renounce Religion, Berserk, Trog's Hand


You were on level 3 of the Dungeon.
You worshipped Trog.
Trog was pleased with you.
You visited 1 branch of the dungeon, and saw 3 of its levels.

You collected 109 gold pieces.

Inventory:

Hand Weapons
 g - a +1 hand axe of freezing (weapon)
Armour
 h - a +0 chain mail (worn)
 n - a +0 buckler (worn)
Jewellery
 b - a ring of protection from cold (left hand)
 i - a +4 ring of evasion (right hand)
 k - a ring of ice
 p - an amulet of the acrobat (around neck)
Scrolls
 j - a scroll of identify {unknown}
 l - a scroll of magic mapping {unknown}
 o - a scroll of noise {unknown}
Potions
 a - a potion of heal wounds {unknown}
 c - a potion of brilliance {unknown}
 d - 2 potions of curing {unknown}
 e - a potion of berserk rage {unknown}
 f - a potion of invisibility {unknown}
 m - a potion of might {unknown}
 q - 2 potions of ambrosia {unknown}


   Skills:
 + Level 4.3 Fighting
 + Level 5.2 Axes
 + Level 2.7 Armour
 + Level 3.5 Dodging
 + Level 0.5 Stealth


You had 3 spell levels left.
You didn't know any spells.
Your spell library was empty.

Dungeon Overview and Level Annotations

Branches:
Dungeon (3/15)

Altars:

Shops:
D:1 ?(?


Innate Abilities, Weirdness & Mutations

You have a pair of horns on your head.
You reflexively headbutt those who attack you in melee.


Message History

The jackal barely misses you. You furiously retaliate!
You headbutt the jackal, but do no damage.
You hit the jackal but do no damage.
You headbutt the jackal, but do no damage.
The jackal is heavily wounded.
The jackal barely misses you.
The jackal bites you but does no damage.
You hit the jackal. You freeze the jackal.
You kill the jackal!
Trog accepts your kill. The jackal barely misses you.
You closely miss the jackal. You headbutt the jackal.
You kill the jackal!
Trog accepts your kill.
No target in view!
No target in view!
Things that are here:
a jackal corpse; a jackal corpse A hobgoblin comes into view.
A hobgoblin is nearby!
The hobgoblin shouts!
No target in view!
No target in view!
No target in view!
A hobgoblin is nearby!
The hobgoblin hits you.
You hit the hobgoblin. You freeze the hobgoblin.
You kill the hobgoblin!
Trog accepts your kill.
No target in view!
No target in view!
Found a robe.
Really walk into a travel-excluded area?
Found a flail.
Really walk into that cloud of flame?
You are engulfed in blazing flames.
Ouch! That really hurt!
You are engulfed in blazing flames.
Ouch! That really hurt!
You die...

#......###......##.........#
####..>..#......########...#
#..#.#.#.#.......# #...#
#.##.#.#.##......# #..)#
.<...#.#.........#
#.))######
.#####.####......##
#...).....
.......#..#####...#
##..<..... .####.....# #§☼○#
#........ .# #.##.## #☼@○#
#........ .# #.##.# #§§§#
#........ .# #.##.######...#
#........ .# #.##...☼°☼...[.
#........ .#
#.##...§§§.(!..§ #........
.# #.##.#.§§...!).§§
#........ ##
#.##..#####...#### #...(....
#.##### #.§.# #########
#.....#


There were no monsters in sight!

Vanquished Creatures
  An orc wizard (D:3)
  4 adders (D:2)
  3 worms (D:2)
  3 orcs (D:3)
  5 bats (D:1)
  5 endoplasms
  A giant cockroach (D:1)
  6 goblins
  4 hobgoblins
  4 jackals
  5 quokkas
  3 ball pythons
  7 frilled lizards
  A kobold (D:1)
  5 rats
57 creatures vanquished.

Notes
Turn   | Place    | Note
-------+----------+-------------------------------------------
     0 | D:1      | AvatarAndi78 the Minotaur Berserker began the quest for the
                  | Orb.
     0 | D:1      | Reached XP level 1. HP: 19/19 MP: 0/0
   240 | D:1      | Found Jyixkagu's Magic Scroll Shoppe.
   251 | D:1      | Reached XP level 2. HP: 24/27 MP: 1/1
   314 | D:1      | Found Hudgh's Weapon Boutique.
   339 | D:1      | Found Ututz's Magic Scroll Shoppe.
   372 | D:1      | Reached skill level 4 in Axes
  1102 | D:2      | Reached XP level 3. HP: 19/33 MP: 2/2
  1745 | D:2      | Reached XP level 4. HP: 40/40 MP: 3/3
  2507 | D:3      | Reached ** piety under Trog
  2628 | D:3      | Reached skill level 5 in Axes
  2967 | D:3      | Engulfed by a cloud of flame

Illustrated notes

Levels and vault maps discovered:
D:1:      co_arrival_random_square_maze, layout_basic, serial_shops,
          nicolae_shop_trees, nicolae_shop_advertising_works
          [nicolae_subvault_shop_adworks], nicolae_shop_bloodbath_and_beyond,
          minmay_misc_feat_five, minmay_small_reverse_x
D:2:      layout_basic
D:3:      layout_basic, lemuel_flame_loot_1

Skill      XL: |  1  2  3  4 |
---------------+-------------+-----
Fighting       | 4 |  4.3
Axes           | 4 5 |  5.2
Dodging        | 3 |  3.5
Armour         | |  2.7
Stealth        | |  0.5

Action                   |  1- 3 |  4- 6 || total
-------------------------+-------+-------++-------
Melee: Hand axe          |    90 |    39 ||   129
       Headbutt          |    10 |     8 ||    18
 Stab: Sleeping          |     1 |       ||     1
Armor: Animal skin       |    10 |       ||    10
       Chain mail        |    16 |    14 ||    30
Dodge: Dodged            |    57 |    20 ||    77
Block: Buckler           |       |     2 ||     2

Table legend: (Time is in decaauts)
 A = Elapsed time spent in this place.
 B = Non-inter-level travel time spent in this place.
 C = Inter-level travel time spent in this place.
 D = Time resting spent in this place.
 E = Time spent auto-exploring this place.
 F = Levels seen in this place.
 G = Mean time per level.
                   A        B        C        D        E       F      G
               +--------+--------+--------+--------+--------+-----+--------+
         Total |   2978 |   2937 |     41 |      0 |   2559 |   3 |  992.7 |
       Dungeon |   2978 |   2937 |     41 |      0 |   2559 |   3 |  992.7 |
               +--------+--------+--------+--------+--------+-----+--------+

Top non-repeatable levels by time:
     D:2: 1293 daAuts
     D:1: 1073 daAuts
     D:3: 611 daAuts
